 Dungeon Crawl Stone Soup version 0.22-a0-417-g1387785 (webtiles) character file.

11795 Kairos the Cleaver (level 11, -13/84 HPs)
             Began as a Demonspawn Fighter on May 14, 2018.
             Was a High Priest of Okawaru.
             Impaled on a porcupine's spines (18 damage)
             ... on level 3 of the Lair of Beasts.
             The game lasted 00:17:52 (11704 turns).

Kairos the Cleaver (Demonspawn Fighter)            Turns: 11704, Time: 00:17:53

Health: -13/84     AC: 13    Str: 27    XL:     11   Next: 54%
Magic:  0/16       EV: 14    Int:  9    God:    Okawaru [*****.]
Gold:   827        SH: 13    Dex: 12    Spells: 10/10 levels left

rFire    . . .     SeeInvis .   a - +1 war axe
rCold    . . .     Gourm    .   c - +0 shield
rNeg     . . .     Faith    .   b - +1 scale mail
rPois    +         Spirit   +   (no helmet)
rElec    .         Reflect  .   (no cloak)
rCorr    .         Harm     +   (no gloves)
MR       .....                  (no boots)
Stlth    +.........             e - amulet of harm
HPRegen  0.24/turn              x - +6 ring of strength
MPRegen  0.30/turn              v - ring of poison resistance

@: heroism, finesse, very slow
A: talons 1, icy blue scales 2, foul stench 1, magic shield, magic regeneration,
rot immunity
a: Heroism, Finesse, Renounce Religion


You were on level 3 of the Lair of Beasts.
You worshipped Okawaru.
Okawaru was extremely pleased with you.
You were not hungry.

You visited 3 branches of the dungeon, and saw 13 of its levels.
You also visited: Sewer.

You collected 827 gold pieces.

Inventory:

Hand Weapons
 a - a +1 war axe (weapon)
 K - a +1 whip of flaming
Armour
 b - a +1 scale mail (worn)
 c - a +0 shield (worn)
Jewellery
 e - an amulet of harm (around neck)
 t - an uncursed ring of wizardry
 v - a ring of poison resistance (right hand)
 x - a +6 ring of strength (left hand)
Wands
 l - a wand of random effects (43)
 q - a wand of paralysis (15)
 w - a wand of disintegration (14)
 D - a wand of iceblast (6)
 H - a wand of scattershot (4)
Scrolls
 i - 4 scrolls of blinking
 j - 8 scrolls of teleportation
 k - 2 scrolls of magic mapping
 o - 7 scrolls of remove curse
 E - a scroll of enchant armour
 F - a scroll of fog {unknown}
 I - a scroll of fear
 J - a scroll of immolation {unknown}
Potions
 d - 3 potions of might
 h - a potion of agility
 m - 5 potions of brilliance {unknown}
 n - 3 potions of ambrosia {unknown}
 p - 5 potions of curing {unknown}
 s - a potion of lignification {unknown}
 u - 2 potions of flight {unknown}
 z - 5 potions of degeneration {unknown}
 A - 3 potions of berserk rage {unknown}
 B - a potion of experience {unknown}
 C - a potion of haste {unknown}
 L - a potion of magic {unknown}
 N - a potion of cancellation {unknown}
Comestibles
 f - 21 rations


   Skills:
 + Level 7.4(12.4) Fighting
 + Level 10.5(15.5) Axes
 + Level 7.1(12.1) Armour
 + Level 4.0(9.0) Dodging
 + Level 0.6(5.6) Stealth
 + Level 7.7(12.7) Shields
 * Level 7.7 Invocations


You had 10 spell levels left.
You didn't know any spells.
Your spell library contained the following spells:

 Spells                   Type           Power        Failure   Level  Hunger
 Apportation              Tloc           #.....       71%         1    ##.....
 Bolt of Magma            Conj/Fire/Erth #.........   100%        5    ######.
 Confuse                  Hex            #.......     97%         3    ####...
 Summon Small Mammal      Summ           #...         71%         1    ##.....
 Animate Skeleton         Necr           N/A          71%         1    ##.....
 Tukima's Dance           Hex            #.......     97%         3    ####...
 Iron Shot                Conj/Erth      #.........   100%        6    #######
 Spider Form              Tmut/Pois      #.........   97%         3    ####...
 Blade Hands              Tmut           #.........   100%        5    ######.
 Statue Form              Tmut/Erth      #........    100%        6    #######
 Ice Form                 Ice/Tmut       #.......     100%        4    #####..
 Confusing Touch          Hex            #.....       71%         1    ##.....
 Sticks to Snakes         Tmut           #.......     83%         2    ###....
 Ensorcelled Hibernation  Hex/Ice        #.....       83%         2    ###....
 Shatter                  Erth           #.........   100%        9    #######
 Corona                   Hex            #......      71%         1    ##.....
 Leda's Liquefaction      Hex/Erth       #.........   100%        4    #####..
 Beastly Appendage        Tmut           #.....       71%         1    ##.....
 Dazzling Spray           Conj/Hex       #.....       97%         3    ####...


Dungeon Overview and Level Annotations

Branches:
Dungeon (9/15)             Temple (1/1) D:4            Lair (3/6) D:9
  Swamp (0/4) Lair:3
  Snake: Lair:2-4    Spider: Lair:2-4       Orc: D:9-12

Altars:
Ashenzari
Cheibriados
Dithmenos
Elyvilon
Fedhas
Gozag
Hepliaklqana
Kikubaaqudgha
Makhleb
Nemelex Xobeh
Okawaru
Qazlal
Ru
Sif Muna
Trog
Uskayaw
Vehumet
Wu Jian
Xom
Yredelemnul
Zin
The Shining One

Shops:
D:4 [

Annotations:
Lair:1 exclusion: oklob plant


Innate Abilities, Weirdness & Mutations

You have sharp toenails.
You are mostly covered in icy blue scales. (AC +3)
You may emit foul miasma when damaged in melee.
When hurt, damage is shared between your health and your magic reserves.
You regenerate magic rapidly.
You are immune to rotting.


Message History

The porcupine barely misses you.
You can now deal lightning-fast blows.
The swamp worm bites you!
* * * LOW HITPOINT WARNING * * *
The swamp worm bites you.
* * * LOW HITPOINT WARNING * * *
You block the porcupine's attack. The swamp worm closely misses you.
Your unstable footing causes you to fumble your attack.
The swamp worm completely misses you. You block the porcupine's attack.
You closely miss the swamp worm. Your kick misses the swamp worm.
You closely miss the swamp worm.
You are struck by the porcupine's spines.
* * * LOW HITPOINT WARNING * * *
You miss the porcupine. The swamp worm closely misses you.
Unknown command.
You slice the swamp worm!! Your kick misses the swamp worm.
The swamp worm is severely wounded.
You barely miss the swamp worm.
You are struck by the porcupine's spines.
You die...

♣♣♣♣♣ ♣§§§♣♣ ♣♣≈§rw♣
#. ### ♣≈§§§@♣
..##P.#####♣♣§§§w♣
>.......##.♣♣≈≈§♣♣
..........#.♣♣.♣♣..$
.......)#....[......
.(......###.........
.........##.........
........###.........
.#..P....##....._...


You could see 2 swamp worms and a porcupine.

Vanquished Creatures
  A two-headed ogre (D:8)
  Pikel (D:7)
  An elephant (D:9)
  4 spiny frogs
  A troll (D:9)
  A hippogriff (Lair:1)
  A spriggan (D:8)
  A wyvern (D:9)
  13 yaks
  A hungry ghost (D:9)
  Menkaure (D:4)
  8 water moccasins
  3 porcupines
  2 orc warriors (D:6)
  A slave (D:8)
  5 phantoms
  A black bear (Lair:1)
  An ice beast (D:9)
  3 necrophages (D:7)
  11 wolves
  5 ogres
  3 centaurs
  6 crocodiles
  6 bullfrogs
  6 scorpions
  5 killer bees (D:8)
  2 crimson imps
  A bullfrog zombie (D:8)
  A centaur zombie (D:6)
  A quasit (D:8)
  3 hounds
  3 jellies
  4 orc priests
  Jessica (D:3)
  2 bullfrog skeletons (D:6)
  6 orc wizards
  An iguana (D:8)
  Natasha (D:3)
  6 worker ants
  3 hound skeletons
  11 gnolls
  19 adders
  A shadow imp (D:8)
  4 worms
  5 dart slugs
  6 leopard geckos
  30 orcs
  9 bats
  17 giant cockroaches
  12 goblins
  7 hobgoblins
  3 jackals
  6 quokkas
  2 ball pythons
  10 frilled lizards
  8 kobolds
  A quokka skeleton (D:4)
  A quokka zombie (D:8)
  4 rats
  2 fungi
285 creatures vanquished.

Vanquished Creatures (others)
  An iguana (D:8)
  2 fungi
3 creatures vanquished.

Grand Total: 288 creatures vanquished

Notes
Turn   | Place    | Note
-------+----------+-------------------------------------------
     0 | D:1      | Kairos the Demonspawn Fighter began the quest for the Orb.
     0 | D:1      | Reached XP level 1. HP: 18/18 MP: 1/1
   129 | D:1      | Gained mutation: You are partially covered in icy blue scales. (AC +2) [demonic ancestry]
   129 | D:1      | Reached XP level 2. HP: 10/24 MP: 2/2
   307 | D:1      | Reached skill level 2 in Axes
   678 | D:1      | Reached XP level 3. HP: 29/29 MP: 3/3
   899 | D:2      | Gained mutation: When hurt, damage is shared between your health and your magic reserves. [demonic ancestry]
   899 | D:2      | Reached XP level 4. HP: 26/35 MP: 4/4
   918 | D:2      | HP: 1/36 [poisoned by an adder]
  1190 | D:2      | Reached skill level 3 in Axes
  1241 | D:2      | Gained mutation: You have sharp toenails. [demonic ancestry]
  1241 | D:2      | Reached XP level 5. HP: 17/42 MP: 2/5
  1672 | D:3      | Found a stormy altar of Qazlal.
  2242 | D:3      | Noticed Natasha
  2247 | D:3      | Killed Natasha
  2357 | D:3      | Noticed Jessica
  2361 | D:3      | Killed Jessica
  2441 | D:3      | Reached XP level 6. HP: 39/48 MP: 6/6
  2471 | D:3      | Reached skill level 4 in Axes
  2684 | D:4      | Found a staircase to the Ecumenical Temple.
  3054 | D:4      | Noticed Menkaure
  3734 | D:4      | Gained mutation: You are mostly covered in icy blue scales. (AC +3) [demonic ancestry]
  3734 | D:4      | Reached XP level 7. HP: 53/55 MP: 7/7
  3793 | D:4      | Reached skill level 1 in Dodging
  3795 | D:4      | Found Simpuj's Antique Armour Emporium.
  3808 | D:4      | Reached skill level 5 in Axes
  3900 | Temple   | Entered the Ecumenical Temple
  4272 | Temple   | Became a worshipper of Warmaster Okawaru
  4284 | D:4      | Killed Menkaure
  4504 | D:4      | Found a hide-covered altar of Uskayaw.
  4504 | D:4      | Found a white marble altar of Elyvilon.
  4556 | D:5      | Entered Level 5 of the Dungeon
  4580 | D:5      | Reached XP level 8. HP: 30/61 MP: 2/8
  4861 | D:5      | Found an opulent altar of Gozag.
  5009 | D:5      | Reached skill level 6 in Axes
  5109 | D:5      | Reached * piety under Okawaru
  5353 | D:6      | Reached skill level 5 in Fighting
  5386 | D:6      | Found a bloodstained altar of Trog.
  5426 | D:6      | Found a glowing drain.
  5430 | Sewer    | Entered a sewer
  6130 | D:6      | Reached skill level 7 in Axes
  6130 | D:6      | Reached skill level 5 in Armour
  6303 | D:6      | Reached ** piety under Okawaru
  6483 | D:7      | Gained mutation: You are immune to rotting. [demonic ancestry]
  6483 | D:7      | Reached XP level 9. HP: 68/68 MP: 9/9
  6635 | D:7      | Reached skill level 5 in Shields
  6855 | D:7      | Reached skill level 8 in Axes
  6888 | D:7      | Reached *** piety under Okawaru
  6942 | D:7      | Reached skill level 1 in Invocations
  7116 | D:8      | Noticed a two-headed ogre
  7168 | D:8      | Noticed Pikel
  7634 | D:7      | Killed Pikel
  7634 | D:7      | Reached skill level 9 in Axes
  7634 | D:7      | Gained mutation: You may emit foul miasma when damaged in melee. [demonic ancestry]
  7634 | D:7      | Reached XP level 10. HP: 74/76 MP: 8/12
  7876 | D:8      | Killed a two-headed ogre
  7876 | D:8      | Reached **** piety under Okawaru
  8312 | D:9      | Reached skill level 5 in Invocations
  8384 | D:9      | Noticed an elephant
  8385 | D:9      | Found a staircase to the Lair.
  8397 | D:9      | Killed an elephant
  8397 | D:9      | Reached ***** piety under Okawaru
  8911 | Lair:1   | Entered Level 1 of the Lair of Beasts
  8930 | Lair:1   | Noticed a spiny frog
  8934 | Lair:1   | Gained mutation: You regenerate magic rapidly. [demonic ancestry]
  8934 | Lair:1   | Reached XP level 11. HP: 54/84 MP: 10/15
  9280 | Lair:1   | Reached skill level 10 in Axes
  9337 | Lair:1   | Received a gift from Okawaru
  9339 | Lair:1   | Found an ornate altar of the Wu Jian Council.
  9339 | Lair:1   | Noticed an oklob plant
 10582 | Lair:2   | Received a gift from Okawaru
 11694 | Lair:3   | Found a bloodstained altar of Trog.
 11697 | Lair:3   | Found a staircase to the Swamp.
 11704 | Lair:3   | Impaled on a porcupine's spines

Vault maps used:
D:1:      elethiomel_arrival_shortcut, st_stairs_12
D:3:      kb_forest_paths, nicolae_overflow_crystal_walls, uniq_jessica,
          uniq_natasha
D:4:      gammafunk_temple_overflow_wave, minmay_temple_entry_junction,
          serial_shops, shop_fountains, first_ration, uniq_menkaure
D:5:      grunt_gozag_statues
D:6:      lemuel_doored_altar, gup_sewer_entry_bowl
D:8:      the_bakery, uniq_pikel
D:9:      david_lair_generic
Temple:   nicolae_temple_no_exploring_needed
Lair:1:   lemuel_oklob_altar, infiniplex_staircase_pool
Lair:2:   minmay_stone_trees_large
Lair:3:   minmay_swamp_entry_worms, basic_altar, grunt_megastairs_3,
          infiniplex_staircase_pool_2
Sewer:    sewer_frog_island_01

Skill      XL: |  1  2  3  4  5  6  7  8  9 10 11 |
---------------+----------------------------------+-----
Axes           | 2 3 4 5 7 9 10 | 10.5
Shields        | 3 4 6 7 |  7.7
Armour         | 3 4 5 6 7 |  7.1
Fighting       | 4 5 6 7 |  7.4
Dodging        | 1 2 3 4 |  4.0
Invocations    | 3 6 7 |  7.7
Stealth        | |  0.6

Action                   |  1- 3 |  4- 6 |  7- 9 | 10-12 || total
-------------------------+-------+-------+-------+-------++-------
Melee: War axe           |   111 |   178 |   340 |   293 ||   922
       Kick              |       |    29 |    88 |    92 ||   209
Invok: Heroism           |       |       |     4 |     6 ||    10
       Finesse           |       |       |       |     1 ||     1
  Use: Potion            |       |     1 |       |       ||     1
       Scroll            |       |     8 |     2 |     5 ||    15
  Eat: Chunk             |       |     2 |     5 |       ||     7
       Ration            |       |     2 |     3 |     5 ||    10
Armor: Scale mail        |    65 |    90 |   164 |   101 ||   420
Dodge: Dodged            |    30 |    45 |   127 |   109 ||   311
Block: Shield            |    54 |   104 |   225 |   176 ||   559

Table legend:
 A = Spawn XP
 B = Non-spawn XP
 C = Spawn XP percentage of total XP
 D = Spawn monster count
 E = Non-spawn monster count
 F = Spawn count percentage of total count
 G = Total turns spent on level
                    A         B        C        D         E        F      G
               +---------+---------+-------+---------+---------+-------+---------
         Total |       0 |   16850 |   0.0 |       0 |     282 |   0.0 | 11704
               +---------+---------+-------+---------+---------+-------+---------
           D:1 |       0 |      42 |   0.0 |       0 |      25 |   0.0 |   811
           D:2 |       0 |     182 |   0.0 |       0 |      28 |   0.0 |   837
           D:3 |       0 |     312 |   0.0 |       0 |      28 |   0.0 |  1943
           D:4 |       0 |     764 |   0.0 |       0 |      28 |   0.0 |   585
           D:5 |       0 |     260 |   0.0 |       0 |      13 |   0.0 |   786
           D:6 |       0 |     881 |   0.0 |       0 |      26 |   0.0 |   561
           D:7 |       0 |    2809 |   0.0 |       0 |      26 |   0.0 |   981
           D:8 |       0 |    2110 |   0.0 |       0 |      24 |   0.0 |   779
           D:9 |       0 |    2864 |   0.0 |       0 |      28 |   0.0 |   913
        Lair:1 |       0 |    2802 |   0.0 |       0 |      17 |   0.0 |  1267
        Lair:2 |       0 |    3397 |   0.0 |       0 |      19 |   0.0 |  1195
        Lair:3 |       0 |     157 |   0.0 |       0 |       1 |   0.0 |    91
         Sewer |       0 |     270 |   0.0 |       0 |      19 |   0.0 |   575
               +---------+---------+-------+---------+---------+-------+---------
